AoeStats
← lovemetiger

Black Forest

508884237Analyzed
4v4 RM · 8d ago on Sep 24, 2026· 40m 28s· 8 players
Game mode
Random Map
Map size
Large (8 player)
Population
200
Speed
Normal
Resources
Standard
Victory
Conquest
Starting age
Dark Age
Ending age
Imperial Age
RankedLock teamsTeams togetherTeam positionsShared explorationLock speedFull tech treeHidden civsTurbo modeCheats
Victory
Defeat
🇨🇳 Danes · China
863
+11
🇨🇳 Burgundians · China
821
+13
816
+13
🇨🇳 Varangians · China
573
+23
🇮🇳 Teutons · India
778
-16
🇺🇸 Jurchens · United States
776
-16
🇷🇺 Gurjaras · Russia
774
-16
🇭🇰 Persians · Hong Kong SAR China
667
-12
Tamerlane
9:02 Loom
11:23 Feudal Age
12:20 Double-Bit Axe
12:17 Horse Collar
17:04 Castle Age
16:38 Forging
21:29 Wheelbarrow
22:21 Fervor
30:39 Hand Cart
30:10 Town Watch
34:53 Imperial Age
32:44 Gold Mining
34:02 Fletching
34:12 Padded Archer Armor
35:15 Gold Shaft Mining
34:57 Cranequins
37:03 Bow Saw
38:02 Bodkin Arrow
38:22 Leather Archer Armor
38:38 Leather Archer Armor
39:00 Heavy Plow
39:39 Thumb Ring
41:20 Chemistry
40:21 Bracer
Camel Sakiko
9:19 Loom
13:36 Feudal Age
15:15 Double-Bit Axe
17:33 Castle Age
16:57 Horse Collar
17:11 Gold Mining
17:12 Stone Mining
19:25 Bow Saw
19:08 Fishing Lines
27:33 Wheelbarrow
26:43 Town Watch
27:12 Forging
30:12 Imperial Age
29:11 Town Patrol
29:34 Hand Cart
29:21 Heavy Plow
30:00 Stone Shaft Mining
29:19 Vendel Legacy
30:40 Iron Casting
30:11 Scale Barding Armor
31:46 Squires
32:31 Bloodlines
32:21 Husbandry
31:42 Cavalier
32:36 Siege Engineers
32:42 Masonry
32:29 Murder Holes
33:49 Two-Man Saw
33:45 Crop Rotation
34:00 Conscription
34:23 Gothikon
36:08 Blast Furnace
35:29 Chain Barding Armor
36:10 Elite Jarl
36:24 Elite Varangian Guard
37:17 Scale Mail Armor
40:29 Plate Barding Armor
40:47 Fervor
PoiseDivaSanaつ
0:26 Loom
11:54 Feudal Age
12:48 Double-Bit Axe
16:00 Castle Age
14:11 Horse Collar
16:17 Wheelbarrow
22:21 Town Watch
27:28 Bow Saw
29:51 Imperial Age
27:37 Hand Cart
27:23 Heavy Plow
27:30 Gold Mining
27:34 Stone Mining
27:46 Treadmill Crane
29:02 Gold Shaft Mining
29:36 Forging
30:11 Stone Shaft Mining
29:52 Padded Archer Armor
29:42 Fletching
31:48 Two-Man Saw
31:18 Crop Rotation
30:58 Cavalier
31:59 Husbandry
33:39 Chemistry
32:59 Scale Barding Armor
32:24 Paladin
36:03 Chain Barding Armor
36:18 Iron Casting
36:00 Leather Archer Armor
35:41 Bodkin Arrow
39:29 Conscription
邦多利第一耐摔王-莫提斯
1:48 Loom
20:15 Feudal Age
21:07 Double-Bit Axe
25:06 Castle Age
26:07 Double-Bit Axe
26:05 Horse Collar
26:59 Bow Saw
27:01 Heavy Plow
33:00 Wheelbarrow
37:10 Imperial Age
37:21 Imperial Age
37:51 Ballistics
38:21 Hand Cart
37:53 Heavy Scorpion
40:46 Chemistry
D4RKK
1:16 Loom
11:40 Feudal Age
13:29 Fishing Lines
13:35 Double-Bit Axe
13:34 Horse Collar
19:06 Wheelbarrow
23:18 Castle Age
21:40 Stone Mining
31:07 Imperial Age
29:01 Bloodlines
28:51 Husbandry
28:59 Scale Barding Armor
28:55 Padded Archer Armor
28:55 Scale Mail Armor
29:06 Forging
32:26 Bow Saw
32:25 Heavy Plow
33:12 Pikeman
33:53 Squires
35:55 Gold Mining
38:25 Hand Cart
38:03 Halberdier
lovemetiger
0:54 Loom
13:18 Feudal Age
14:53 Wheelbarrow
14:10 Double-Bit Axe
17:42 Horse Collar
23:07 Castle Age
21:15 Gold Mining
23:43 Stone Mining
24:35 Hand Cart
27:38 Scale Barding Armor
28:38 Scale Mail Armor
29:49 Fletching
30:19 Bow Saw
29:53 Fishing Lines
30:18 Heavy Plow
34:42 Imperial Age
31:49 Crossbowman
31:50 Elite Skirmisher
35:51 Bodkin Arrow
36:39 Crop Rotation
38:54 Bracer
39:26 Masonry
38:52 Man-at-Arms
huntsman112
12:12 Feudal Age
16:33 Double-Bit Axe
17:05 Man-at-Arms
20:15 Castle Age
18:42 Gold Mining
27:10 Stone Mining
28:41 Bow Saw
31:22 Imperial Age
34:54 Two-Man Saw
34:34 Elite Teutonic Knight
38:46 Chemistry
40:25 Illumination
brokenlit
0:43 Loom
14:05 Feudal Age
18:15 Gold Mining
21:13 Castle Age
19:07 Horse Collar
19:33 Stone Mining
32:17 Town Watch
Connection lost

Rejoining the realm…

Still unreachable

The connection could not be restored.

Session expired

The server has moved on; the page needs a fresh start.